 Dungeon Crawl Stone Soup version 0.30.0-19-g36f170ea60 (webtiles) character file.

Game seed: 9284177085108725874

20795 MacCMillion the Cleaver (level 12, -6/105 HPs)
             Began as a Ghoul Fighter on May 30, 2023.
             Was a Priest of Makhleb.
             Mangled by a 12-headed hydra (7 damage)
             ... on level 2 of the Lair of Beasts.
             The game lasted 00:45:44 (23127 turns).

MacCMillion the Cleaver (Ghoul Fighter)            Turns: 23127, Time: 00:45:45

Health: -6/105     AC: 23    Str: 25    XL:     12   Next: 83%
Magic:  17/17      EV:  8    Int:  3    God:    Makhleb [***...]
Gold:   762        SH:  4    Dex:  8    Spells: 11/11 levels left

rFire   + . .        a - +1 war axe
rCold   + + .        c - +0 buckler
rNeg    + + +        b - +0 plate armour
rPois   ∞            r - +2 helmet
rElec   .            M - scarf {rC+ rF+}
rCorr   .            A - +1 pair of gloves
SInv    .            (no boots)
Will    +....        J - amulet of faith Stlth
                     N - +4 ring of protection
HPRegen 0.00/turn    R - ring of willpower
MPRegen 0.15/turn

%: faith
@: inhibited regen
A: claws 1, cold resistance 1, negative energy resistance 3, inhibited
regeneration, torment resistance 2, devour on kill
a: Renounce Religion, Minor Destruction, Lesser Servant of Makhleb


You were on level 2 of the Lair of Beasts.
You worshipped Makhleb.
Makhleb was most pleased with you.
You visited 3 branches of the dungeon, and saw 13 of its levels.
You also visited: Sewer and Ossuary.

You collected 942 gold pieces.
You spent 180 gold pieces at shops.

Inventory:

Hand Weapons
 a - a +1 war axe (weapon)
 O - a +4 hand axe
 X - the +7 mace of Variability {chaos, chaos arc}
   (You took it off an orc wizard on level 10 of the Dungeon)
Missiles
 q - 3 throwing nets
 s - 2 curare-tipped darts
 w - 28 poisoned darts
 x - 7 boomerangs
 I - 2 boomerangs of dispersal
Armour
 b - a +0 plate armour (worn)
 c - a +0 buckler (worn)
 r - a +2 helmet (worn)
 A - a +1 pair of gloves (worn)
 M - a scarf of resistance (worn)
 T - a +0 pair of gloves of hurling
Jewellery
 j - a +5 ring of evasion
 J - an amulet of faith (around neck)
 N - a +4 ring of protection (left hand)
 R - a ring of willpower (right hand)
Wands
 i - a wand of digging (5)
 u - a wand of flame (21)
 C - a wand of iceblast (15)
 S - a wand of polymorph (3)
Scrolls
 e - 2 scrolls of immolation
 f - a scroll of fear
 h - 3 scrolls of enchant armour
 m - 2 scrolls of brand weapon
 n - 2 scrolls of fog
 t - 6 scrolls of noise
 v - 2 scrolls of torment
 y - 2 scrolls of poison
 z - a scroll of amnesia
 B - a scroll of butterflies
 D - 2 scrolls of enchant weapon
 E - 2 scrolls of magic mapping
 F - 3 scrolls of teleportation
 H - 5 scrolls of vulnerability
 U - a scroll of identify
Potions
 d - 5 potions of might
 g - 3 potions of berserk rage
 k - 3 potions of flight
 l - a potion of invisibility
 o - 5 potions of magic
 p - 8 potions of curing
 G - 2 potions of ambrosia
 K - a potion of brilliance
 L - 4 potions of haste {unknown}
 P - a potion of attraction {unknown}
 Q - 2 potions of degeneration
 V - a potion of lignification {unknown}
 W - a potion of heal wounds


   Skills:
 + Level 9.4 Fighting
 * Level 13.1 Axes
 + Level 7.9 Armour
 - Level 5.7 Dodging
 - Level 4.0 Shields
 + Level 8.8 Invocations


You had 11 spell levels left.
You didn't know any spells.
Your spell library contained the following spells:

 Spells                   Type           Power      Damage    Failure   Level
 Kiss of Death            Conj/Necr      0%         2d5       100%        1
 Sting                    Tmut/Pois      0%         1d3       100%        1
 Cigotuvi's Dreadful Rot  Necr/Pois/Air  0%         N/A       100%        2
 Confusing Touch          Hex            0%         N/A       100%        3
 Ignite Poison            Fire/Tmut/Pois 0%         N/A       100%        3
 Dispel Undead            Necr           0%         3d6       100%        4
 Fireball                 Conj/Fire      0%         3d3       100%        5
 Freezing Cloud           Conj/Ice/Air   0%         6-21      100%        5
 Iskenderun's Battlesphe  Conj           0%         2d6       100%        5
 Conjure Ball Lightning   Conj/Air       0%         3x3d6     100%        6
 Orb of Destruction       Conj           0%         9d5       100%        7


Dungeon Overview and Level Annotations

Branches:
Dungeon (10/15)            Temple (1/1) D:4            Lair (2/5) D:10
 Shoals (0/4) Lair:2        Snake (0/4) Lair:2          Orc (0/2) D:9
  Sewer (visited)         Ossuary (visited)

Altars:
Ashenzari
Cheibriados
Dithmenos
Fedhas
Gozag
Hepliaklqana
Kikubaaqudgha
Makhleb
Nemelex Xobeh
Okawaru
Qazlal
Ru
Sif Muna
Trog
Uskayaw
Vehumet
Wu Jian
Xom
Yredelemnul

Shops:
D:10 *

Annotations:
D:3 1 runed translucent door, Crazy Yiuf
D:6 Sigmund
D:7 1 runed translucent door, 2 exclusions, dertzug's ghost, novice MfBe


Innate Abilities, Weirdness & Mutations

You are immune to poison.
You have sharp fingernails.
Your flesh is cold resistant. (rC+)
You are immune to negative energy. (rN+++)
You do not regenerate when monsters are visible.
You are immune to unholy pain and torment.
You thrive by killing the living.


Message History

You start removing your armour.
You continue taking off your +0 buckler.
The 12-headed hydra barely misses you. The 12-headed hydra bites you.
The 12-headed hydra bites you but does no damage.
The 12-headed hydra bites you.
The 12-headed hydra bites you but does no damage. x2
You block the 12-headed hydra's attack.
The 12-headed hydra bites you but does no damage.
The 12-headed hydra bites you!
The 12-headed hydra bites you but does no damage.
The 12-headed hydra completely misses you.
The 12-headed hydra bites you but does no damage.
You continue taking off your +0 buckler.
The 12-headed hydra bites you. The 12-headed hydra bites you!
The 12-headed hydra bites you but does no damage.
You block the 12-headed hydra's attack.
The 12-headed hydra bites you but does no damage. x2
The 12-headed hydra bites you. x3; The 12-headed hydra closely misses you.
The 12-headed hydra bites you!
The 12-headed hydra bites you but does no damage.
You continue taking off your +0 buckler.
The 12-headed hydra bites you but does no damage.
The 12-headed hydra bites you.
* * * LOW HITPOINT WARNING * * *
The 12-headed hydra bites you!
* * * LOW HITPOINT WARNING * * *
The 12-headed hydra bites you but does no damage.
The 12-headed hydra barely misses you.
The 12-headed hydra bites you but does no damage. x3
The 12-headed hydra bites you!
* * * LOW HITPOINT WARNING * * *
The 12-headed hydra bites you but does no damage. x2
You block the 12-headed hydra's attack.
You continue taking off your +0 buckler.
The 12-headed hydra completely misses you.
The 12-headed hydra bites you but does no damage. x5
You block the 12-headed hydra's attack. The 12-headed hydra bites you.
* * * LOW HITPOINT WARNING * * *
The 12-headed hydra bites you!
You die...

..... ##[##..........##
#~~ ....
#...##..........# ## #≈≈
..> ....##..P#.#.#####
#..#~~ ...#####.....##
#.##3# ..## ##.##...#
#.###~ .. ##..##.'#####
#.#.#~ #...........#
#.#.#~ ##..........##
##.#.'# #...D@......#
##....3. #...)......##
#...N... #..........#
###......
#............##.#......
(............###.'......
##.........:.'...#......
##...........#.##......
#..........#####..####
#.P#..# ###.


You could see a 12-headed hydra (corroded).

Vanquished Creatures
  Fannar (D:10)
  A two-headed ogre (D:9)
  4 death yaks
  Nergalle (Lair:1)
  3 elephants
  A black mamba (Lair:2)
  4 cane toads (Lair:1)
  7 komodo dragons
  A tengu conjurer (D:10)
  A hornet (D:7)
  11 blink frogs
  A slime creature (D:7)
  A vampire (D:10)
  3 steam dragons
  A basilisk (D:10)
  16 yaks
  3 nagas (Lair:2)
  3 water moccasins
  11 orc warriors
  A swamp drake (D:10)
  A sky beast (D:7)
  An ice beast (D:6)
  5 black bears
  An ogre (D:6)
  A centaur (D:8)
  Blork the orc (D:6)
  5 kobold brigands
  8 scorpions
  6 bullfrogs
  A gnoll sergeant (D:10)
  10 wights
  5 killer bees
  3 howler monkeys (D:10)
  2 centaur zombies (Ossuary)
  2 human zombies (Ossuary)
  A jelly (D:4)
  11 orc priests
  A sleepcap (D:7)
  Jessica (D:2)
  2 iguanas
  15 orc wizards
  2 mummies (Ossuary)
  Robin (D:2)
  14 gnolls
  14 adders
  3 river rats (Sewer)
  A shadow imp (D:7)
  An ufetubus (D:6)
  2 adder zombies (Ossuary)
  3 dart slugs
  4 worms
  45 orcs
  9 ball pythons
  13 bats
  7 endoplasms
  15 giant cockroaches
  15 goblins
  4 hobgoblins
  5 jackals
  3 quokkas
  10 frilled lizards
  12 hobgoblin zombies (Ossuary)
  A jackal zombie (Ossuary)
  23 kobolds
  10 kobold zombies (Ossuary)
  7 orc zombies (Ossuary)
  8 rats
  A rat zombie (Ossuary)
  2 butterflies (D:8)
393 creatures vanquished.

Vanquished Creatures (collateral kills)
  A cyclops (D:10)
  Maggie (D:10)
2 creatures vanquished.

Grand Total: 395 creatures vanquished

Notes
Turn   | Place    | Note
-------+----------+-------------------------------------------
     0 | D:1      | MacCMillion the Ghoul Fighter began the quest for the Orb.
     0 | D:1      | Reached XP level 1. HP: 19/19 MP: 0/0
    71 | D:1      | Reached skill level 2 in Axes
    76 | D:1      | Reached XP level 2. HP: 26/26 MP: 1/1
   447 | D:2      | Reached XP level 3. HP: 31/31 MP: 2/2
   447 | D:2      | Noticed Jessica
   454 | D:2      | Killed Jessica
   493 | D:2      | Noticed Robin
   498 | D:2      | Reached XP level 4. HP: 29/38 MP: 3/3
   507 | D:2      | Reached skill level 3 in Axes
   620 | D:2      | Killed Robin
  1803 | D:3      | Reached XP level 5. HP: 26/45 MP: 4/4
  1952 | D:3      | Found a faded altar of an unknown god.
  1960 | D:3      | Got Plato's Encyclopedia of Modification
  1997 | D:3      | Reached skill level 4 in Axes
  2397 | D:3      | Found a bloodstained altar of Trog.
  2437 | D:3      | Reached XP level 6. HP: 51/51 MP: 5/5
  2595 | D:3      | Found a runed translucent door.
  2596 | D:3      | Noticed Crazy Yiuf
  2645 | D:4      | Found a stormy altar of Qazlal.
  2785 | D:4      | Reached skill level 5 in Axes
  2823 | D:4      | Noticed a black bear
  3494 | D:5      | Entered Level 5 of the Dungeon
  3714 | D:5      | Found a glowing drain.
  3737 | D:5      | Reached XP level 7. HP: 46/57 MP: 6/6
  3768 | Sewer    | Entered a sewer
  3779 | Sewer    | Reached skill level 6 in Axes
  5238 | D:6      | Reached skill level 7 in Axes
  5310 | D:6      | Found a sand-covered staircase.
  5319 | Ossuary  | Entered an ossuary
  5895 | Ossuary  | Reached XP level 8. HP: 47/63 MP: 7/7
  6528 | D:4      | Reached skill level 8 in Axes
  6902 | D:4      | Found a staircase to the Ecumenical Temple.
  6912 | Temple   | Entered the Ecumenical Temple
  6918 | Temple   | Became a worshipper of Makhleb the Destroyer
  7379 | D:4      | Found a stormy altar of Qazlal.
  7683 | D:4      | Found a staircase to the Ecumenical Temple.
  8289 | D:6      | Reached skill level 9 in Axes
  8909 | D:6      | Noticed Sigmund
  9384 | D:6      | Noticed Blork the orc
  9400 | D:6      | Killed Blork the orc
  9546 | D:6      | Found an ornate altar of the Wu Jian Council.
  9554 | D:6      | Reached XP level 9. HP: 55/70 MP: 8/8
  9702 | D:7      | Reached skill level 10 in Axes
  9758 | D:7      | Reached skill level 1 in Dodging
 10041 | D:6      | Reached * piety under Makhleb
 10419 | D:7      | Noticed a hornet
 10433 | D:7      | Killed a hornet
 11385 | D:7      | Reached skill level 5 in Fighting
 11481 | D:7      | Found a runed translucent door.
 11482 | D:7      | Noticed dertzug's ghost (novice MfBe)
 11539 | D:7      | Reached skill level 11 in Axes
 11539 | D:7      | Reached XP level 10. HP: 72/81 MP: 9/9
 11598 | D:7      | You fall into a shaft and drop 2 floors!
 12121 | D:7      | Found a sacrificial altar of Ru.
 12443 | D:8      | Reached ** piety under Makhleb
 12609 | D:8      | Found a runed translucent door.
 12626 | D:8      | Found a runed translucent door.
 13289 | D:9      | Reached skill level 1 in Invocations
 13433 | D:9      | Reached *** piety under Makhleb
 13475 | D:9      | Found a shadowy altar of Dithmenos.
 13795 | D:9      | Reached skill level 5 in Invocations
 13795 | D:9      | Reached skill level 5 in Armour
 14298 | D:9      | Found a staircase to the Orcish Mines.
 14298 | D:9      | Noticed a two-headed ogre
 14307 | D:9      | Killed a two-headed ogre
 14308 | D:9      | Reached XP level 11. HP: 77/91 MP: 12/14
 14482 | D:10     | Entered Level 10 of the Dungeon
 14505 | D:10     | Found Jolievorr's Assorted Antiques.
 14541 | D:10     | Bought a pair of glowing gloves for 180 gold pieces
 14843 | D:10     | Reached **** piety under Makhleb
 15047 | D:10     | Found a staircase to the Lair.
 15342 | D:10     | Noticed a cyclops
 15347 | D:10     | Noticed Maggie
 15354 | D:10     | Killed Maggie
 15364 | D:10     | Killed a cyclops
 15365 | D:10     | Reached skill level 5 in Dodging
 15542 | D:10     | Reached skill level 12 in Axes
 16034 | D:9      | Found a shadowy altar of Dithmenos.
 16326 | D:9      | Found a staircase to the Orcish Mines.
 16827 | D:10     | Noticed a skeletal warrior
 16948 | D:10     | Noticed Fannar
 16983 | D:10     | Killed Fannar
 17003 | D:10     | HP: 4/92 [skeletal warrior/+0 mace (10)]
 17288 | Lair:1   | Entered Level 1 of the Lair of Beasts
 17935 | Lair:1   | Reached XP level 12. HP: 101/101 MP: 16/16
 18214 | Lair:1   | Identified the +2 robe of Omauluri {Str+3}
 18259 | Lair:1   | Noticed a death yak
 18259 | Lair:1   | Noticed a death yak
 18259 | Lair:1   | Noticed a death yak
 18457 | D:10     | Killed a death yak
 18581 | Lair:1   | Noticed a death yak
 18637 | D:10     | Killed a death yak
 18849 | D:10     | Killed a death yak
 18950 | Lair:1   | Killed a death yak
 19273 | Lair:1   | Noticed Nergalle
 19290 | Lair:1   | Killed Nergalle
 20909 | Lair:2   | Noticed a four-headed hydra
 20931 | Lair:2   | HP: 1/103 [11-headed hydra (7)]
 22582 | Lair:2   | Found a staircase to the Shoals.
 22661 | Lair:2   | Reached skill level 13 in Axes
 23081 | Lair:2   | Found a staircase to the Snake Pit.
 23127 | Lair:2   | HP: 1/105 [12-headed hydra (5)]
 23127 | Lair:2   | Mangled by a 12-headed hydra

Illustrated notes

Levels and vault maps discovered:
D:1:      spicycebolla_green_bress_n_ham, layout_rooms
D:2:      layout_loops_ring, st_stairs_11, dk_vineyard_3, uniq_robin,
          uniq_jessica
D:3:      layout_loops_corners, mainiacjoe_overflow_alcove_1,
          shapermc_ecumenical_altar_rom_forum, serial_bayou_lagoon_b,
          uniq_crazy_yiuf_cottage
D:4:      layout_basic, nicolae_qazlal_scattered_showers,
          minmay_temple_entry_poolview
D:5:      layout_basic, cheibrodos_sewer_entry_bend
D:6:      layout_loops_corners, lemuel_coloured_pillars_altar,
          nicolae_ossuary_entry_monument, minmay_lizard_king,
          uniq_blork_the_orc, uniq_sigmund
D:7:      nzn_winding_woodlands_medium [nzn_winding_woodlands_5x5_checkerboard,
          nzn_winding_woodlands_5x15_jagged, nzn_winding_woodlands_hourglass,
          nzn_winding_woodlands_5x5_closed_star,
          nzn_winding_woodlands_center_triple_pond,
          nzn_winding_woodlands_5x5_perimeter,
          nzn_winding_woodlands_5x5_open_star,
          nzn_winding_woodlands_5x15_sidewinder,
          nzn_winding_woodlands_5x5_cross], layout_basic,
          nicolae_ru_path_of_blood, ebering_ghost_reflecting_pool, minivault_22,
          minivault_19
D:8:      lemuel_insect_pit, layout_basic
D:9:      layout_irregular_city, mainiacjoe_overflow_surrounded_room,
          david_orc_4
D:10:     minmay_cut_squares, layout_rooms, erik_lair_dragon, serial_shops,
          shop, uniq_fannar, uniq_maggie
Temple:   sentei_temple_godly_chess
Lair:1:   layout_small_grid, uniq_nergalle
Lair:2:   layout_roguey, elwin_shoals_entry_rooms,
          minmay_snake_entry_guardpost_small, nicolae_quartered_pool_impasse

Skill      XL: |  1  2  3  4  5  6  7  8  9 10 11 12 |
---------------+-------------------------------------+-----
Axes           | 2 3 4 5 7 9 11 12 13 | 13.1
Shields        | 3 4 |  4.0
Armour         | 4 5 6 7 |  7.9
Dodging        | 3 4 5 |  5.7
Fighting       | 5 6 8 9 |  9.4
Invocations    | 5 7 8 |  8.8

Action                     |  1- 3 |  4- 6 |  7- 9 | 10-12 || total
---------------------------+-------+-------+-------+-------++-------
  Melee: War axe           |    63 |   172 |   558 |   162 ||   955
         Hand axe          |       |       |       |   884 ||   884
  Throw: Dart              |       |       |     7 |     3 ||    10
         Boomerang         |       |       |       |     4 ||     4
 Invoke: Minor Destruction |       |       |       |    93 ||    93
         Lesser Servant of |       |       |       |    11 ||    11
  Evoke: Wand              |       |       |       |     1 ||     1
    Use: Scroll            |       |     5 |     6 |    13 ||    24
         Potion            |       |       |     5 |     1 ||     6
   Stab: Confused          |       |       |       |     1 ||     1
         Petrifying        |       |       |       |     1 ||     1
 Armour: Scale mail        |    40 |    72 |   272 |       ||   384
         Chain mail        |       |       |    26 |       ||    26
         Plate armour      |       |       |    12 |   586 ||   598
  Dodge: Dodged            |    37 |    79 |   225 |   307 ||   648
  Block: Buckler           |    10 |    32 |   112 |   147 ||   301
